 Dungeon Crawl Stone Soup version 0.31-a0-202-g547052bce9 (webtiles) character file.

Game seed: 18217142183205256436

16113 qw the Markself (level 12, -1/73 HPs)
             Began as a Deep Elf Hunter on June 26, 2023.
             Was a High Priest of Okawaru.
             Shot with an arrow by a centaur (8 damage)
             ... on level 11 of the Dungeon.
             The game lasted 00:06:02 (11469 turns).

qw the Markself (Deep Elf Hunter)                  Turns: 11469, Time: 00:06:03

Health: -1/73      AC: 11    Str: 12    XL:     12   Next: 7%
Magic:  16/18      EV: 28    Int: 16    God:    Okawaru [*****.]
Gold:   609        SH:  0    Dex: 24    Spells: 11/11 levels left

rFire   . . .        Y - +1 orcbow (drain)
rCold   . . .        (shield currently unavailable)
rNeg    . . .        n - +1 leather armour {rPois}
rPois   +            e - +0 helmet
rElec   .            (no cloak)
rCorr   .            j - +0 pair of gloves
SInv    .            (no boots)
Will    +....        d - amulet of faith
Stlth   ++++         a - +4 ring of protection
HPRegen 0.32/turn    p - +6 ring of dexterity
MPRegen 0.16/turn

%: faith
@: about to teleport, heroic
A: passive freeze
a: Renounce Religion, Heroism, Finesse, Duel


You were on level 11 of the Dungeon.
You worshipped Okawaru.
Okawaru was extremely pleased with you.
You visited 2 branches of the dungeon, and saw 12 of its levels.
You also visited: Ossuary.

You collected 675 gold pieces.
You spent 66 gold pieces at shops.


Innate Abilities, Weirdness & Mutations

A frigid envelope surrounds you and freezes all who hurt you.


   Skills:
 - Level 8.0(13.0) Fighting
 - Level 16.0(21.0) Ranged Weapons
 - Level 2.1(7.1) Armour
 + Level 13.5(18.5) Dodging
 - Level 1.2(6.2) Stealth
 + Level 6.4 Invocations


You had 11 spell levels left.
You didn't know any spells.
Your spell library was empty.

Inventory:

Hand Weapons
 Y - a +1 orcbow of draining (weapon)
Armour
 e - a +0 helmet (worn)
 f - a +3 scale mail
 j - a +0 pair of gloves (worn)
 n - a +1 leather armour of poison resistance (worn)
Jewellery
 a - a +4 ring of protection (left hand)
 d - an amulet of faith (around neck)
 p - a +6 ring of dexterity (right hand)
Scrolls
 l - 4 scrolls of identify
Potions
 c - 2 potions of resistance
 g - 3 potions of mutation
 h - 6 potions of curing
 k - 2 potions of haste
 m - 2 potions of might

Dungeon Overview and Level Annotations

Branches:
Dungeon (11/15)            Temple (1/1) D:5         Ossuary (visited)
   Lair: D:8-11         Orc: D:9-12

Altars:
Ashenzari
Cheibriados
Dithmenos
Elyvilon
Fedhas
Gozag
Hepliaklqana
Kikubaaqudgha
Makhleb
Nemelex Xobeh
Okawaru
Qazlal
Ru
Sif Muna
Trog
Uskayaw
Vehumet
Wu Jian
Xom
Yredelemnul
Zin
The Shining One

Shops:
D:3 ?

Annotations:
D:5 1 runed translucent door, Crazy Yiuf


Message History

You shoot an arrow. The arrow barely misses the vampire.
The centaur wields a +0 shortbow.
The centaur shoots an arrow.
The arrow misses you.
The centaur shoots an arrow.
The arrow closely misses you.
The centaur shoots an arrow.
The arrow completely misses you.
You shoot an arrow. The arrow hits the vampire!!
The vampire is almost destroyed.
The centaur shoots an arrow.
The arrow hits you!
The centaur shoots an arrow.
The arrow hits you!
The centaur shoots an arrow.
The arrow misses you.
11464 ||| INVOKING Heroism.
You gain the combat prowess of a mighty hero.
The centaur shoots an arrow.
The arrow misses you.
The centaur shoots an arrow.
The arrow misses you. The vampire misses you. x2
You shoot an arrow. The arrow hits the vampire!
You destroy the vampire!
Okawaru accepts your kill.
The centaur shoots an arrow.
The arrow hits you but does no damage.
The centaur shoots an arrow.
The arrow completely misses you.
You shoot an arrow. The arrow barely misses the centaur.
The centaur shoots an arrow.
The arrow hits you but does no damage.
The centaur shoots an arrow.
The arrow hits you.
The centaur shoots an arrow.
The arrow completely misses you.
The centaur shoots an arrow.
The arrow misses you.
You shoot an arrow. The arrow hits the centaur!
The centaur is heavily wounded.
The centaur shoots an arrow.
The arrow barely misses you.
The centaur shoots an arrow.
The arrow completely misses you.
The centaur shoots an arrow.
The arrow completely misses you.
You shoot an arrow. The arrow barely misses the centaur.
The centaur wields a +0 shortbow.
The centaur shoots an arrow.
The arrow barely misses you.
The centaur shoots an arrow.
The arrow hits you!
The centaur shoots an arrow.
The arrow hits you.
The centaur shoots an arrow.
The arrow barely misses you.
11469 ||| READING scroll of teleportation.
As you read the scroll of teleportation, it crumbles to dust.
You feel strangely unstable.
The centaur shoots an arrow.
The arrow closely misses you.
The centaur shoots an arrow.
The arrow closely misses you.
The centaur shoots an arrow.
The arrow hits you!
The centaur shoots an arrow.
The arrow hits you!
You die... #... ...cc #... .#.... #... ..c.. . ##...# #ccc

..
......##..###.#
............##
#........}..
#..<.....#
#...@....#
#.....?..#
...............
####........###
##########


You could see 4 centaurs.

Vanquished Creatures
  3 hydras (D:10)
  A two-headed ogre (D:9)
  A centaur warrior (D:10)
  A death knight (D:10)
  A boulder beetle (D:10)
  Pikel (D:8)
  An orc knight (D:10)
  A manticore (D:10)
  A cyclops (D:10)
  A kobold demonologist (D:10)
  A slime creature (D:10)
  A shadow (D:10)
  2 wraiths (D:10)
  A vampire (D:11)
  Sigmund (D:2)
  23 yaks
  2 wyverns
  3 steam dragons
  A vampire mosquito (D:10)
  2 acid dragons (D:10)
  5 orc warriors
  2 ice beasts
  4 black bears
  2 ogres
  2 phantoms (D:6)
  6 centaurs
  3 lemures (D:8)
  5 elf zombies (Ossuary)
  7 bullfrogs
  A gnoll sergeant (D:9)
  A scorpion (D:6)
  6 wights
  13 killer bees
  4 howler monkeys
  4 centaur zombies (Ossuary)
  4 human zombies
  2 jellies (D:8)
  6 orc priests
  6 hounds
  A sleepcap (D:6)
  4 iguanas
  Jessica (D:2)
  7 orc wizards
  2 human skeletons (D:4)
  Natasha (twice) (D:2)
  3 mummies (Ossuary)
  3 gnolls (D:9)
  8 adders
  An ufetubus (D:5)
  A worm (D:2)
  19 orcs
  3 bats
  2 endoplasms (D:2)
  3 giant cockroaches
  9 hobgoblins
  3 jackals (D:1)
  6 kobolds
  3 quokkas (D:3)
  8 ball pythons
  2 frilled lizards (D:1)
  2 goblins
  3 orc skeletons (D:4)
  5 rats
233 creatures vanquished.

Notes
Turn   | Place    | Note
-------+----------+-------------------------------------------
     0 | D:1      | qw the Deep Elf Hunter began the quest for the Orb.
     0 | D:1      | Reached XP level 1. HP: 12/12 MP: 3/3
     0 | D:1      | 0 ||| qw: Version: 0.3-a-22-g0ed2b0b
     0 | D:1      | 0 ||| qw: Game counter: 5890
     0 | D:1      | 0 ||| qw: Melee chars always use a shield: true
     0 | D:1      | 0 ||| qw: God list: Okawaru
     0 | D:1      | 0 ||| qw: Allow faded altars: false
     0 | D:1      | 0 ||| qw: Do Orc after clearing Dungeon:15 true
     0 | D:1      | 0 ||| qw: Do second Lair branch before Depths: true
     0 | D:1      | 0 ||| qw: Lair rune preference: random
     0 | D:1      | 0 ||| qw: Goals: Normal
     0 | D:1      | 0 ||| PLANNING D:1-11
   130 | D:1      | Reached XP level 2. HP: 16/16 MP: 4/4
   171 | D:1      | Reached skill level 6 in Ranged Weapons
   380 | D:1      | 380 ||| READING scroll labelled GECOAMMUUKA.
   381 | D:1      | 381 ||| READING scroll labelled GEAMITSI ZEAC.
   382 | D:1      | 382 ||| READING scroll labelled MAYVYA TA EGAW.
   412 | D:1      | 412 ||| READING scroll labelled QESUSA LEHA.
   413 | D:1      | 413 ||| READING 2 scrolls labelled LIUS LIPPEWU.
   414 | D:1      | 414 ||| DRINKING 3 grey potions.
   414 | D:1      | Gained mutation: A frigid envelope surrounds you and
                  | freezes all who hurt you. [potion of mutation]
   415 | D:1      | 415 ||| DRINKING 2 pink potions.
   416 | D:1      | 416 ||| DRINKING 2 fizzy emerald potions.
   417 | D:1      | 417 ||| DROPPING scroll of butterflies.
   418 | D:1      | 418 ||| DROPPING potion of invisibility.
   452 | D:2      | Noticed Natasha
   457 | D:2      | Killed Natasha
   458 | D:2      | Reached XP level 3. HP: 14/20 MP: 5/5
   459 | D:2      | 459 ||| FLEEEEING.
   462 | D:2      | 462 ||| FLEEEEING.
   465 | D:2      | 465 ||| FLEEEEING.
   466 | D:2      | 466 ||| FLEEEEING.
   467 | D:2      | 467 ||| FLEEEEING.
   468 | D:2      | 468 ||| STAIRDANCE
   494 | D:2      | Noticed Sigmund
   498 | D:2      | Killed Sigmund
   499 | D:2      | Reached skill level 8 in Ranged Weapons
   499 | D:2      | Reached XP level 4. HP: 25/25 MP: 6/6
   499 | D:2      | Reached XP level 5. HP: 29/29 MP: 7/7
   546 | D:2      | Reached skill level 9 in Ranged Weapons
   642 | D:2      | Noticed Natasha
   648 | D:2      | Killed Natasha
   649 | D:2      | Reached skill level 3 in Dodging
   972 | D:2      | Noticed Jessica
   976 | D:2      | Killed Jessica
   977 | D:2      | Reached XP level 6. HP: 35/35 MP: 8/8
  1140 | D:2      | 1140 ||| UPGRADING to +4 ring of protection.
  1515 | D:3      | Found Zetwa's Magic Scroll Shop.
  1524 | D:3      | 1524 ||| BUYING scroll of identify (22 gold).
  1524 | D:3      | Bought a scroll of identify for 22 gold pieces
  1524 | D:3      | 1524 ||| BUYING scroll of identify (22 gold).
  1524 | D:3      | Bought a scroll of identify for 22 gold pieces
  1524 | D:3      | 1524 ||| BUYING scroll of identify (22 gold).
  1524 | D:3      | Bought a scroll of identify for 22 gold pieces
  2058 | D:3      | 2058 ||| UPGRADING to +0 ring mail.
  2068 | D:3      | 2068 ||| DROPPING +0 leather armour.
  2069 | D:3      | 2069 ||| READING scroll labelled SALUVOLOGG.
  2072 | D:3      | 2072 ||| READING 4 scrolls of identify.
  2072 | D:3      | 2072 ||| IDENTIFYING brown potion
  2073 | D:3      | 2073 ||| READING 3 scrolls of identify.
  2073 | D:3      | 2073 ||| IDENTIFYING golden potion
  2074 | D:3      | 2074 ||| DROPPING potion of ambrosia.
  2100 | D:4      | 2100 ||| PLANNING OSSUARY
  2284 | D:4      | Reached skill level 10 in Ranged Weapons
  2421 | D:4      | Reached XP level 7. HP: 36/40 MP: 9/9
  2421 | D:4      | 2421 ||| FLEEEEING.
  2422 | D:4      | 2422 ||| FLEEEEING.
  2423 | D:4      | 2423 ||| FLEEEEING.
  2424 | D:4      | 2424 ||| FLEEEEING.
  2603 | D:4      | Found a sand-covered staircase.
  2613 | D:4      | 2613 ||| READING scroll labelled JITTUUNNUJ.
  2614 | D:4      | 2614 ||| READING 2 scrolls labelled VOTOTE LOVAIST.
  2615 | D:4      | 2615 ||| DRINKING 3 orange potions.
  2616 | D:4      | 2616 ||| READING 2 scrolls of identify.
  2616 | D:4      | 2616 ||| IDENTIFYING inky potion
  2617 | D:4      | 2617 ||| DROPPING potion of brilliance.
  2618 | D:4      | 2618 ||| DROPPING 2 potions of attraction.
  2619 | D:4      | 2619 ||| DROPPING scroll of vulnerability.
  2623 | Ossuary  | Entered an ossuary
  2646 | Ossuary  | Reached skill level 11 in Ranged Weapons
  2697 | Ossuary  | Reached skill level 12 in Ranged Weapons
  2782 | Ossuary  | Reached skill level 1 in Armour
  2793 | Ossuary  | Reached skill level 3 in Fighting
  2809 | Ossuary  | Reached XP level 8. HP: 34/46 MP: 10/10
  3004 | Ossuary  | 3004 ||| READING scroll labelled HIEGRUOREULL.
  3005 | Ossuary  | 3005 ||| READING 2 scrolls labelled JAM LAUG FAI.
  3006 | Ossuary  | 3006 ||| READING scroll of enchant weapon.
  3006 | Ossuary  | 3006 ||| ENCHANTING +1 shortbow.
  3007 | Ossuary  | 3007 ||| READING 4 scrolls of identify.
  3007 | Ossuary  | 3007 ||| IDENTIFYING red potion
  3008 | Ossuary  | 3008 ||| READING 3 scrolls of identify.
  3008 | Ossuary  | 3008 ||| IDENTIFYING metallic blue potion
  3018 | D:4      | 3018 ||| PLANNING D:1-11
  3118 | D:4      | 3118 ||| DRINKING 3 potions of curing.
  3118 | D:4      | 3118 ||| (to cure confusion)
  3401 | D:4      | 3401 ||| READING 2 scrolls of identify.
  3401 | D:4      | 3401 ||| IDENTIFYING fizzy purple potion
  3402 | D:4      | 3402 ||| DROPPING potion of degeneration.
  3435 | D:5      | Entered Level 5 of the Dungeon
  3483 | D:5      | Found an iron altar of Okawaru.
  3484 | D:5      | 3484 ||| PLANNING OKAWARU WORSHIP
  3485 | D:5      | Found a glowing golden altar of the Shining One.
  3486 | D:5      | Found a glowing silver altar of Zin.
  3495 | D:5      | HP: 11/46 [centaur/arrow (10)]
  3496 | D:5      | 3496 ||| READING 3 scrolls of teleportation.
  3497 | D:5      | 3497 ||| DRINKING potion of heal wounds.
  3588 | D:5      | 3588 ||| Stepping randomly (stuck).
  3589 | D:5      | 3589 ||| PLANNING D:1-11
  3608 | D:5      | Found a staircase to the Ecumenical Temple.
  3609 | D:5      | 3609 ||| PLANNING TEMPLE
  3617 | Temple   | Entered the Ecumenical Temple
  3745 | Temple   | 3745 ||| PLANNING D:1-11
  3872 | D:5      | Reached skill level 13 in Ranged Weapons
  3932 | D:5      | 3932 ||| READING scroll of enchant weapon.
  3932 | D:5      | 3932 ||| ENCHANTING +2 shortbow.
  3944 | D:5      | Found a sacrificial altar of Ru.
  4074 | D:5      | 4074 ||| PLANNING OKAWARU WORSHIP
  4074 | D:5      | 4074 ||| UPGRADING to +0 helmet.
  4081 | D:5      | Became a worshipper of Warmaster Okawaru
  4082 | D:5      | 4082 ||| PLANNING D:1-11
  4244 | D:5      | 4244 ||| SWAPPING to +0 orcbow.
  4245 | D:5      | 4245 ||| DROPPING +3 shortbow.
  4588 | D:5      | Found a runed translucent door.
  4589 | D:5      | Noticed Crazy Yiuf
  5946 | D:6      | Reached skill level 14 in Ranged Weapons
  6245 | D:6      | Reached XP level 9. HP: 48/50 MP: 11/11
  6367 | D:6      | 6367 ||| Stepping ~*~*~tactically~*~*~ (cloud).
  6595 | D:6      | Reached skill level 15 in Ranged Weapons
  6792 | D:7      | Reached * piety under Okawaru
  6846 | D:7      | Reached skill level 1 in Invocations
  7000 | D:7      | 7000 ||| INVOKING Heroism.
  7046 | D:7      | 7046 ||| INVOKING Heroism.
  7062 | D:7      | Reached skill level 3 in Invocations
  7327 | D:7      | 7327 ||| INVOKING Heroism.
  7354 | D:7      | 7354 ||| INVOKING Heroism.
  7370 | D:7      | Reached skill level 16 in Ranged Weapons
  7457 | D:7      | 7457 ||| INVOKING Heroism.
  7559 | D:7      | Reached skill level 6 in Dodging
  7607 | D:7      | 7607 ||| UPGRADING to +0 pair of gloves.
  7612 | D:7      | 7612 ||| UPGRADING to +1 leather armour of poison
                  | resistance.
  7622 | D:7      | 7622 ||| READING 2 scrolls of identify.
  7622 | D:7      | 7622 ||| IDENTIFYING bubbling clear potion
  7811 | D:8      | Reached XP level 10. HP: 56/56 MP: 15/15
  7833 | D:8      | 7833 ||| INVOKING Heroism.
  8009 | D:8      | 8009 ||| FLEEEEING.
  8079 | D:8      | 8079 ||| INVOKING Heroism.
  8100 | D:8      | Noticed Pikel
  8114 | D:8      | Killed Pikel
  8367 | D:8      | 8367 ||| INVOKING Heroism.
  8456 | D:8      | 8456 ||| INVOKING Heroism.
  8721 | D:8      | 8721 ||| UPGRADING to +6 ring of dexterity.
  8764 | D:9      | Noticed a two-headed ogre
  8765 | D:9      | 8765 ||| INVOKING Heroism.
  8775 | D:9      | Killed a two-headed ogre
  8898 | D:9      | Reached skill level 9 in Dodging
  8925 | D:9      | Found an ornate altar of the Wu Jian Council.
  9094 | D:9      | 9094 ||| SWAPPING to +1 orcbow of draining.
  9095 | D:9      | 9095 ||| DROPPING +0 orcbow.
  9251 | D:9      | Reached ** piety under Okawaru
  9265 | D:9      | 9265 ||| INVOKING Heroism.
  9271 | D:9      | HP: 10/60 [yak (9)]
  9272 | D:9      | 9272 ||| READING 2 scrolls of teleportation.
  9273 | D:9      | 9273 ||| DRINKING 2 potions of heal wounds.
  9275 | D:9      | 9275 ||| DRINKING potion of heal wounds.
  9441 | D:9      | Reached skill level 6 in Fighting
  9483 | D:9      | Reached XP level 11. HP: 64/64 MP: 16/16
  9527 | D:9      | 9527 ||| INVOKING Heroism.
  9581 | D:9      | Reached *** piety under Okawaru
  9903 | D:9      | 9903 ||| DROPPING +0 ring mail.
  9904 | D:9      | 9904 ||| READING scroll labelled QOTHAMNEYXT.
 10005 | D:9      | 10005 ||| READING 2 scrolls of identify.
 10005 | D:9      | 10005 ||| IDENTIFYING amethyst potion
 10006 | D:9      | 10006 ||| DROPPING potion of lignification.
 10047 | D:10     | Entered Level 10 of the Dungeon
 10086 | D:10     | 10086 ||| FLEEEEING.
 10098 | D:10     | Noticed an orc knight
 10099 | D:10     | 10099 ||| FLEEEEING.
 10139 | D:10     | 10139 ||| INVOKING Heroism.
 10159 | D:10     | Killed an orc knight
 10162 | D:10     | Reached skill level 12 in Dodging
 10326 | D:10     | Identified the staff "Repre" {rF+ Dex+3 Fire}
 10364 | D:10     | Noticed a five-headed hydra
 10365 | D:10     | 10365 ||| INVOKING Heroism.
 10367 | D:10     | Noticed a six-headed hydra
 10369 | D:10     | Killed a five-headed hydra
 10370 | D:10     | Noticed a six-headed hydra
 10377 | D:10     | Killed a six-headed hydra
 10379 | D:10     | Killed a six-headed hydra
 10387 | D:10     | Reached **** piety under Okawaru
 10490 | D:10     | Noticed a boulder beetle
 10491 | D:10     | 10491 ||| INVOKING Heroism.
 10493 | D:10     | Noticed a centaur warrior
 10501 | D:10     | Killed a centaur warrior
 10509 | D:10     | 10509 ||| INVOKING Heroism.
 10514 | D:10     | Killed a boulder beetle
 10586 | D:10     | 10586 ||| INVOKING Heroism.
 10659 | D:10     | 10659 ||| Stepping ~*~*~tactically~*~*~ (outnumbered).
 10682 | D:10     | 10682 ||| INVOKING Heroism.
 10735 | D:10     | 10735 ||| FLEEEEING.
 10736 | D:10     | 10736 ||| FLEEEEING.
 10919 | D:10     | Noticed a death knight
 10931 | D:10     | Killed a death knight
 10931 | D:10     | Reached ***** piety under Okawaru
 10932 | D:10     | Reached skill level 6 in Invocations
 10932 | D:10     | Reached XP level 12. HP: 70/73 MP: 18/18
 11129 | D:10     | Identified the +1 leather armour "Dyatod" {rC+}
 11366 | D:10     | 11366 ||| DROPPING +1 leather armour "Dyatod" {rC+}.
 11367 | D:10     | 11367 ||| UPGRADING to amulet of faith.
 11372 | D:10     | 11372 ||| READING scroll labelled JICHIS SEPESA.
 11431 | D:11     | 11431 ||| STAIRDANCE
 11458 | D:11     | 11458 ||| Stepping ~*~*~tactically~*~*~ (outnumbered).
 11464 | D:11     | 11464 ||| INVOKING Heroism.
 11468 | D:11     | HP: 15/73 [centaur/arrow (5)]
 11469 | D:11     | 11469 ||| READING scroll of teleportation.
 11469 | D:11     | HP: 7/73 [centaur/arrow (9)]
 11469 | D:11     | Shot with an arrow by a centaur

Levels and vault maps discovered:
D:1:      lightli_arrival_noodles, layout_rooms
D:2:      cheibrodos_helix_gallery, layout_loops_ring, uniq_sigmund,
          uniq_jessica, uniq_natasha
D:3:      layout_basic, serial_shops, nicolae_shop_stone
D:4:      layout_basic, nicolae_ossuary_entry_catacombs, wad_rectangle_vault
D:5:      layout_loops_corners, mainiacjoe_overflow_surrounded_room,
          grunt_temple_overflow_open, minmay_temple_entry_mist,
          uniq_crazy_yiuf_cottage
D:6:      layout_gridville, minmay_misc_feat_ornament, minmay_holes
D:7:      layout_cave_pools, nrook_uturn
D:8:      layout_basic, minmay_gold_behind_fungi, uniq_pikel
D:9:      layout_grid_maze, pdpol_wu_jian_five_deadly_venoms
D:10:     minmay_the_grid_3x2 [minmay_the_grid_diamond_grid,
          minmay_the_grid_outer_diamond, minmay_the_grid_minigrid_small_alt,
          minmay_the_grid_plusring, minmay_the_grid_pillar_ring,
          minmay_the_grid_prize_four_corners], layout_basic
D:11:     layout_rooms, lair_entry_dummy, hangedman_ranch
Temple:   minmay_crystal_spiral_temple

Skill      XL: |  1  2  3  4  5  6  7  8  9 10 11 |
---------------+----------------------------------+-----
Ranged Weapons | 6 8 9 10 12 14 16 | 16.0
Dodging        | 3 5 6 10 13 | 13.5
Fighting       | 2 3 4 6 8 |  8.0
Armour         | 1 2 |  2.1
Invocations    | 4 6 |  6.4
Stealth        | |  1.2

Action                     |  1- 3 |  4- 6 |  7- 9 | 10-12 || total
---------------------------+-------+-------+-------+-------++-------
   Fire: Shortbow          |    56 |   119 |   268 |       ||   443
         Orcbow            |       |       |   196 |   415 ||   611
 Invoke: Heroism           |       |       |     5 |    14 ||    19
    Use: Scroll            |     5 |     3 |    12 |     5 ||    25
         Potion            |     3 |       |     3 |     2 ||     8
 Armour: Leather armour    |     2 |     2 |     1 |    35 ||    40
         Ring mail         |       |     7 |    88 |       ||    95
  Dodge: Dodged            |    12 |    18 |   144 |   198 ||   372

Table legend:
 A = Non-vault XP
 B = Vault XP
 C = Vault XP percentage of total XP
 D = Non-vault monster count
 E = Vault monster count
 F = Vault count percentage of total count
                 A         B        C        D         E       F
            +---------+---------+-------+---------+---------+-------
      Total |   12060 |   10959 |  47.6 |     173 |      57 |  24.8
            +---------+---------+-------+---------+---------+-------
        D:1 |      23 |       0 |   0.0 |      17 |       0 |   0.0
        D:2 |      75 |     283 |  79.1 |      10 |       5 |  33.3
        D:3 |      15 |       0 |   0.0 |       9 |       0 |   0.0
        D:4 |     391 |     207 |  34.6 |      23 |      11 |  32.4
        D:5 |     545 |       0 |   0.0 |      11 |       0 |   0.0
        D:6 |    1068 |       0 |   0.0 |      12 |       0 |   0.0
        D:7 |    1716 |       2 |   0.1 |      28 |       1 |   3.4
        D:8 |    1639 |     641 |  28.1 |      16 |       1 |   5.9
        D:9 |    5068 |       0 |   0.0 |      27 |       0 |   0.0
       D:10 |    1312 |    8985 |  87.3 |      19 |      24 |  55.8
       D:11 |     208 |       0 |   0.0 |       1 |       0 |   0.0
    Ossuary |       0 |     841 | 100.0 |       0 |      15 | 100.0
            +---------+---------+-------+---------+---------+-------
